 Seeded DCSS version 0.32-a0-20-ge526923d97 (webtiles) character file.

Game seed: 16090307882996012164 (custom seed)

343520 thriggle the Phalangite (level 23, -10/172 (181) HPs)
             Began as a Formicid Fighter on Jan 14, 2024.
             Was a Favourite Plaything of Xom.
             Mangled by a walking earthen tome (16 damage)
             ... on level 3 of the Depths on Jan 18, 2024.
             The game lasted 03:42:32 (37254 turns).

thriggle the Phalangite (Formicid Fighter)         Turns: 37254, Time: 03:42:35

HP:   -10/172 (181) AC: 43    Str: 27    XL:     23   Next: 6%
MP:   16/16         EV: 20    Int: 15    God:    Xom [..*...]
Gold: 3161          SH: 33    Dex: 30    Spells: 22/22 levels left

rFire   + . .        M - +5 scythe "Finisher" {speed, execute}
rCold   + + .        c - +2 tower shield {AC+3}
rNeg    . . .        O - +6 chain mail "Pirez" {+Inv Fly Str+3}
rPois   .            (helmet unavailable)
rElec   .            D - +2 cloak {rF+}
rCorr   +            y - +2 pair of gloves of a bazaar {rC++ MP-9 Dex+8 Stlth-}
SInv    +            j - +2 pair of boots
Will    ++...        E - amulet of reflection
Stlth   +++          R - ring of Dasof {rCorr Dex+6 Stlth+}
HPRegen 0.48/turn    b - ring of Okawaru, Teaching {AC+4 Slay+4}
MPRegen 0.15/turn

%: reflection
@: flying, studying Axes, lightly drained, invisible
A: permanent stasis, dig shafts and tunnels, antennae 3, four strong arms,
iridescent scales 3, clever 1, high MP 1, no potion heal 1
}: 2/15 runes: decaying, gossamer
a: Dig, Shaft Self, Renounce Religion, Evoke Invisibility


You were on level 3 of the Depths.
You worshipped Xom.
You were a toy of Xom.
You visited 7 branches of the dungeon, and saw 37 of its levels.
You visited the Abyss 2 times.
You also visited: Bailey, Gauntlet and Volcano.

You collected 4310 gold pieces.
You spent 1149 gold pieces at shops.

Inventory:

Hand Weapons
 f - the +7 trident "Voikydd" {flame, *Rage rCorr Int-4 SInv}
   (You found it on level 7 of the Dungeon)

   Int-4:     It affects your intelligence (-4).
   SInv:      It lets you see invisible.
   *Rage:     It berserks you when you make melee attacks (+20% chance).
   rCorr:     It protects you from acid and corrosion.
 l - the +27 heavy crossbow "Sniper" {heavy, Acc+∞ SInv}
   (You took it off a minotaur in a Gauntlet)

   Acc+∞: It never misses its target.
   SInv:      It lets you see invisible.
 M - the +5 scythe "Finisher" (weapon) {speed, execute}
   (You found it on level 10 of the Dungeon)
Missiles
 e - 11 atropa-tipped darts
 i - 7 curare-tipped darts (quivered)
 t - 7 boomerangs
 G - a throwing net
 K - 29 javelins
Armour
 c - a +2 tower shield of protection (worn)
 g - a +0 kite shield of reflection
 j - a +2 pair of boots (worn)
 y - the +2 pair of gloves of a bazaar (worn) {rC++ MP-9 Dex+8 Stlth-}
   (You found it in a Gauntlet)

   Dex+8:     It affects your dexterity (+8).
   rC++:      It greatly protects you from cold.
   MP-9:      It affects your magic capacity (-9).
   Stlth-:    It makes you less stealthy.
 D - a +2 cloak of fire resistance (worn)
 L - a +2 pair of gloves of strength
 N - the +2 cloak of the Thief {*Fog Slay-2 SInv Stlth+}
   (You found it in a Gauntlet)

   *Fog:      It may release a thick cloud of smoke when the wearer is hurt.
   Slay-2:    It affects your accuracy & damage with ranged weapons and melee
   (-2).
   SInv:      It lets you see invisible.
   Stlth+:    It makes you more stealthy.
 O - the +6 chain mail "Pirez" (worn) {+Inv Fly Str+3}
   (Xom gifted it to you on level 2 of the Orcish Mines)

   Str+3:     It affects your strength (+3).
   +Inv:      It lets you turn invisible.
   Fly:       It grants you flight.
Jewellery
 b - the ring of Okawaru, Teaching (right hand) {AC+4 Slay+4}
   (You found it on level 7 of the Dungeon)

   [ring of protection]

   AC+4:      It affects your AC (+4).
   Slay+4:    It affects your accuracy & damage with ranged weapons and melee
   (+4).
 A - the ring of Rasiocal {EV+5 Dex+3}
   (You found it in a Gauntlet)

   [ring of evasion]

   EV+5:      It affects your evasion (+5).
   Dex+3:     It affects your dexterity (+3).
 E - an amulet of reflection (around neck)
 R - the ring of Dasof (left hand) {rCorr Dex+6 Stlth+}
   (You found it in a Gauntlet)

   [ring of dexterity]

   Dex+6:     It affects your dexterity (+6).
   rCorr:     It protects you from acid and corrosion.
   Stlth+:    It makes you more stealthy.
 T - the ring "Koifatasi" {rF+ rCorr Str+5}
   (You took it off a centaur warrior on level 11 of the Dungeon)

   [ring of protection from fire]

   Str+5:     It affects your strength (+5).
   rF+:       It protects you from fire.
   rCorr:     It protects you from acid and corrosion.
 X - the ring of the Everdark {Will+ Int+3 Dex+2}
   (Xom gifted it to you on level 2 of the Elven Halls)

   [ring of willpower]

   Int+3:     It affects your intelligence (+3).
   Dex+2:     It affects your dexterity (+2).
   Will+:     It increases your willpower.
 Z - a ring of poison resistance
Wands
 u - a wand of flame (79)
 x - a wand of mindburst (22)
 C - a wand of iceblast (36)
 Q - a wand of light (8)
 S - a wand of digging (6)
 V - a wand of charming (21)
 W - a wand of polymorph (8)
Scrolls
 a - a scroll of summoning
 h - 5 scrolls of brand weapon
 n - 2 scrolls of enchant armour
 q - 5 scrolls of enchant weapon
 w - 3 scrolls of poison
 B - 5 scrolls of fog
 F - 4 scrolls of fear
 P - 7 scrolls of identify
 Y - a scroll of silence
Potions
 d - 6 potions of might
 k - a potion of ambrosia
 m - 2 potions of enlightenment
 o - 5 potions of attraction
 r - 4 potions of curing
 v - a potion of mutation
 z - 8 potions of brilliance
 U - a potion of invisibility
Miscellaneous
 p - a phantom mirror
 s - a lightning rod (4/4)
 I - a tin of tremorstones (2/2)


   Skills:
 - Level 15.2 Fighting
 * Level 22.5 Polearms
 - Level 13.3 Throwing
 - Level 14.9 Armour
 - Level 12.1 Dodging
 - Level 11.5 Stealth
 - Level 20.8 Shields
 - Level 13.1 Evocations


You had 22 spell levels left.
You didn't know any spells.
Your spell library contained the following spells:

 Spells                   Type           Power      Damage    Failure   Level
 Freeze                   Ice            0%         1d3       77%         1
 Kiss of Death            Conj/Necr      0%         2d5       77%         1
 Magic Dart               Conj           0%         1d3       77%         1
 Shock                    Conj/Air       0%         1d3       77%         1
 Summon Small Mammal      Summ           0%         N/A       77%         1
 Call Imp                 Summ           0%         N/A       88%         2
 Lesser Beckoning         Tloc           0%         N/A       88%         2
 Mercury Vapours          Alch/Air       0%         N/A       88%         2
 Momentum Strike          Conj/Tloc      0%         3d8       88%         2
 Scorch                   Fire           0%         2d5       88%         2
 Searing Ray              Conj           0%         2d4       88%         2
 Sublimation of Blood     Necr           0%         N/A       88%         2
 Call Canine Familiar     Summ           0%         N/A       98%         3
 Dazzling Flash           Conj/Hex       0%         N/A       98%         3
 Frozen Ramparts          Ice            0%         1d1       98%         3
 Gell's Gravitas          Tloc           0%         N/A       98%         3
 Hailstorm                Conj/Ice       0%         3d5       98%         3
 Mephitic Cloud           Conj/Alch/Air  0%         N/A       98%         3
 Teleport Other           Tloc           0%         N/A       98%         3
 Airstrike                Air            0%         2d(0-16)  100%        4
 Animate Dead             Necr           0%         N/A       100%        4
 Dimensional Bullseye     Hex/Tloc       0%         N/A       100%        4
 Flame Wave               Conj/Fire      0%         2d4       100%        4
 Fulminant Prism          Conj/Alch      0%         3d5       100%        4
 Leda's Liquefaction      Alch/Erth      0%         N/A       100%        4
 Olgreb's Toxic Radiance  Alch           0%         N/A       100%        4
 Petrify                  Alch/Erth      0%         N/A       100%        4
 Summon Blazeheart Golem  Fire/Summ      0%         N/A       100%        4
 Alistair's Intoxication  Alch           0%         N/A       100%        5
 Borgnjor's Vile Clutch   Necr/Erth      0%         N/A       100%        5
 Curse of Agony           Necr           0%         N/A       100%        5
 Irradiate                Conj/Alch      0%         3d11      100%        5
 Lee's Rapid Deconstruct  Erth           0%         3d4*      100%        5
 Silence                  Hex/Air        0%         N/A       100%        5
 Bombard                  Conj/Erth      0%         9d1       100%        6
 Death Channel            Necr           0%         N/A       100%        6
 Dispersal                Tloc           0%         N/A       100%        6
 Eringya's Noxious Bog    Alch           0%         4d6       100%        6
 Summon Cactus Giant      Summ           0%         N/A       100%        6
 Malign Gateway           Summ/Tloc      0%         N/A       100%        7
 Ozocubu's Refrigeration  Ice            0%         4d7       100%        7
 Summon Hydra             Summ           0%         N/A       100%        7
 Discord                  Hex            0%         N/A       100%        8
 Chain Lightning          Conj/Air       0%         N/A       100%        9
 Blink                    Tloc           Unusable   N/A       N/A         2
 Swiftness                Air            Unusable   N/A       N/A         3

Dungeon Overview and Level Annotations

Branches:
Dungeon (15/15)            Temple (0/1) D:4            Lair (5/5) D:9
  Swamp (4/4) Lair:2       Spider (4/4) Lair:2        Slime (0/5) Lair:4
    Orc (2/2) D:9             Elf (3/3) Orc:2        Vaults (0/5) D:14
 Depths (4/4) D:15         Bailey (visited)         Volcano (visited)
Gauntlet (visited)
    Zot: Depths:4

Altars:
Ashenzari
Gozag
Makhleb
Qazlal
Ru
Trog
Uskayaw
Vehumet
Wu Jian
Xom
Yredelemnul
The Shining One
Jiyva

Shops:
D:2 =   D:4 !   D:15 *   Orc:1 *(   Orc:2 (*:!   Elf:1 (

Portals:
Hell: Depths:1 Depths:2
Abyss: Depths:1 Depths:2
Pandemonium: Orc:2 Depths:1 Depths:2
Ziggurat: Depths:1
Trove: Elf:2 (give horn of Geryon)


Innate Abilities, Weirdness & Mutations

You cannot be hasted, slowed, berserked, paralysed or teleported.
You can dig through walls and to a lower floor.
You have a pair of large antennae on your head. (SInv)
Your four strong arms can wield two-handed weapons with a shield.
You are completely covered in iridescent scales. (AC +6)
Your mind is acute. (Int +4, Str/Dex -1)
You have an increased reservoir of magic. (+10% MP)
Potions are less effective at restoring your health.


Message History

The walking earthen tome hits you!!
* * * LOW HITPOINT WARNING * * *
The walking earthen tome hits you but does no damage. x2
The living spell casts itself at you. x2
You struggle to resist.
The walking earthen tome hits you but does no damage.
The walking earthen tome erupts in a flurry of living spells!
The walking earthen tome hits you!!
* * * LOW HITPOINT WARNING * * *
The walking earthen tome hits you!
* * * LOW HITPOINT WARNING * * *
The walking earthen tome erupts in a flurry of living spells!
The walking earthen tome hits you but does no damage.
The walking earthen tome hits you!
* * * LOW HITPOINT WARNING * * *
The walking earthen tome hits you!
* * * LOW HITPOINT WARNING * * *
The walking earthen tome hits you but does no damage.
The living spell casts itself at you.
You struggle to resist.
You turn to flesh and can move again.
Your system partially rejects the healing.
You feel better.
You block the walking earthen tome's attack.
The living spell casts itself at you.
You struggle to resist.
The living spell casts itself at you.
You struggle to resist.
Okay, then.
Okay, then.
Okay, then.
Okay, then.
You block the walking earthen tome's attack.
The walking earthen tome barely misses you.
You block the walking earthen tome's attack.
You begin to dig a shaft.
You continue digging a shaft.
You block the walking earthen tome's attack.
The walking earthen tome hits you!
You die...
Xom cackles wildly!

######+######
##...........##
#........÷....#
#.†#########..##
#..§.# #....#
#....# ##....#+
#...... #*;**..+
#......#
#@*....#
........
#.;;.....#
#........#
#.*..*...#
..........
..........#
+..........#
#..........#
##........##
#........#


You could see 3 walking earthen tomes and 6 living spells.

Vanquished Creatures
  Bai Suzhen (Spider:4)
  Sojobo (Depths:2)
  the Lernaean hydra (Swamp:4)
  7 caustic shrikes (Depths:4)
  Nikola (Depths:1)
  Arachne (Spider:2)
  An iron giant (shapeshifter) (Depths:2)
  Jorgrun (Elf:2)
  Asterion (Spider:2)
  A lich (Depths:4)
  3 sphinxes (Depths:2)
  2 deep elf blademasters (Elf:3)
  2 deep elf master archers (Elf:3)
  An Executioner (Abyss:3)
  Gastronok (D:12)
  A tentacled starspawn (Abyss:3)
  Kirke (D:14)
  2 tengu reavers (Depths:2)
  Donald (Elf:2)
  A storm dragon (Depths:2)
  Aizul (Spider:1)
  An azure jelly (shapeshifter) (Spider:4)
  An iron dragon (Depths:4)
  A fenstrider witch (Swamp:4)
  A fire giant (Depths:1)
  5 frost giants
  4 emperor scorpions
  2 ghost moths (Spider:4)
  3 deep elf sorcerers (Elf:3)
  Louise (Swamp:1)
  3 deep elf elementalists (Elf:3)
  3 cacodemons
  2 ghouls (Swamp:3)
  2 broodmothers
  8 very ugly things
  12 stone giants
  A vampire knight (Depths:1)
  2 deep elf demonologists
  3 eleionomae
  A deep elf death mage (Elf:1)
  The ghost of arthad the Fighter, a journeyman OnBe of Trog (Lair:1)
  The ghost of Pedyestre the Fighter, a journeyman DsIE of Vehumet (Orc:1)
  3 bunyips
  2 deep elf annihilators (Elf:3)
  A minotaur (Gauntlet)
  A spark wasp (shapeshifter) (Depths:2)
  A dire elephant (D:15)
  2 spark wasps (Depths:2)
  5 fire dragons
  A blizzard demon (Depths:1)
  A crystal guardian (Depths:3)
  5 ettins
  A merfolk impaler (Depths:2)
  The ghost of experimilk the Grappler, a journeyman TrGl of Elyvilon (Lair:1)
  5 entropy weavers
  3 deep elf high priests (Elf:3)
  The ghost of Zumudolu the Cleaver, a journeyman MiFi of Yredelemnul (Lair:2)
  A great orb of eyes (Abyss:3)
  17 hydras
  An ogre mage (D:15)
  Erolcha (Orc:2)
  A catoblepas (Lair:5)
  9 ice dragons
  2 rakshasas
  A demonspawn (Orc:2)
  4 ghost crabs
  Erica (D:8)
  5 centaur warriors
  8 alligators
  A death knight (D:11)
  2 radroaches (Spider:2)
  5 jorogumos
  2 spriggan air magi (Depths:2)
  3 boulder beetles
  30 dancing weapons
  7 two-headed ogres
  15 death yaks (Lair:5)
  3 deep troll earth magi
  A tengu warrior (D:15)
  8 deep troll shamans
  The ghost of GrumpyGrim72 the Thaumaturge, a journeyman DECj of Sif Muna (Orc:2)
  2 spriggan berserkers
  6 demonic crawlers
  7 orc high priests (Orc:2)
  A thrashing horror (Abyss:3)
  2 occultists (Depths:2)
  11 deep elf knights
  A vampire mage (Depths:2)
  6 hell knights (Depths:2)
  2 wretched stars
  An iron troll (Depths:3)
  A salamander mystic (D:15)
  A sixfirhy (Abyss:3)
  A fire crab (Gauntlet)
  7 pharaoh ants
  4 goliath frogs
  2 skeletal warriors
  2 glowing orange brains
  4 skysharks
  17 orb spiders
  13 bog bodies
  18 large abominations
  3 spriggan druids
  7 deep elf archers
  8 deep trolls
  12 swamp dragons
  2 sun moths
  A lindwurm (Lair:5)
  7 necromancers
  2 arcanists
  6 steelbarb worms
  6 orc knights
  A lindwurm (shapeshifter) (D:13)
  22 deep elf zephyrmancers
  25 ugly things
  8 cyclopes
  3 alligator zombies (Swamp:2)
  24 deep elf pyromancers
  5 will-o-the-wisps
  17 wolf spiders
  3 orc sorcerers (Orc:2)
  Maurice (Orc:2)
  2 manticores
  A meliai (shapeshifter) (D:13)
  9 meliai
  5 moths of wrath
  A salamander (Depths:1)
  A black mamba (shapeshifter) (Abyss:3)
  3 black mambas
  8 elephants
  3 kobold blastminers (Orc:2)
  An apocalypse crab (Abyss:3)
  8 torpor snails
  9 cane toads
  A smoke demon (Orc:2)
  An orange demon (Abyss:3)
  A gargoyle (D:12)
  6 unseen horrors
  2 rime drakes
  An efreet (D:13)
  A hellion (Depths:1)
  2 kobold demonologists (D:9)
  13 komodo dragons
  2 ice devils
  A freezing wraith (Abyss:3)
  3 tengu conjurers
  4 polar bears
  2 hydra zombies (Swamp:2)
  A hornet (shapeshifter) (Elf:2)
  12 tyrant leeches
  15 hornets
  9 trolls
  24 tarantellas
  A raiju (Abyss:3)
  21 blink frogs
  A hellwing (Orc:2)
  A glass eye (Depths:2)
  A dream sheep (Lair:5)
  8 slime creatures
  38 jumping spiders
  9 wyverns
  2 vampires (D:11)
  A jumping spider (shapeshifter) (Elf:2)
  10 spriggans
  17 culicivoras
  A spriggan (shapeshifter) (Spider:3)
  2 fire bats (Gauntlet)
  6 shadows
  An unseen horror simulacrum (D:10)
  6 wraiths
  56 yaks
  7 water elementals
  2 yaks (shapeshifter) (D:15)
  11 fire elementals
  8 basilisks
  5 ynoxinuls
  Eustachio (D:6)
  A starcursed mass (Elf:2)
  59 redbacks
  6 neqoxecs
  3 steam dragons
  7 vampire mosquitoes
  Edmund (D:6)
  2 hydra simulacra (Swamp:2)
  A chaos spawn (Depths:1)
  13 swamp worms
  4 acid dragons
  12 water moccasins
  4 hell hounds (Volcano)
  Duvessa (D:6)
  12 swamp drakes
  A swamp dragon zombie (Swamp:2)
  44 orc warriors
  A sky beast (D:7)
  2 ice beasts
  3 laughing skulls
  10 ogres
  17 wolves
  21 centaurs
  A phantom (D:5)
  2 elf zombies (Elf:1)
  4 kobold brigands
  A weeping skull (Abyss:3)
  A wyvern zombie (D:7)
  13 bullfrogs
  3 necrophages
  Blork the orc (D:6)
  12 small abominations
  2 earth elementals
  16 wights
  6 scorpions
  A ballistomycete (D:7)
  Dowan (D:6)
  11 killer bees
  4 electric eels
  2 bullfrog zombies (D:7)
  9 howler monkeys
  A centaur zombie (D:7)
  A human zombie (D:7)
  An iron imp (Abyss:3)
  34 orc priests
  2 hounds (D:5)
  4 jellies
  A sleepcap (D:5)
  2 gnoll boudas
  9 iguanas
  17 orc wizards
  2 killer bee zombies (D:7)
  3 centaur simulacra
  2 howler monkey zombies (D:7)
  7 gnolls
  7 adders
  11 white imps
  A howler monkey simulacrum (D:10)
  9 ufetubi
  3 ribbon worms
  11 dart slugs (D:4)
  84 orcs
  7 ball pythons
  6 endoplasms
  3 giant cockroaches
  10 hobgoblins
  6 jackals (D:1)
  3 quokkas
  6 bats
  5 frilled lizards
  5 goblins
  22 kobolds
  3 rats
  A butterfly (Lair:4)
1496 creatures vanquished.

Vanquished Creatures (collateral kills)
  A frost giant (Depths:2)
  2 hell knights (Depths:4)
  A sixfirhy (Abyss:3)
  A swamp dragon (Lair:5)
  A large abomination (Abyss:3)
  A deep elf pyromancer (Volcano)
  An orc sorcerer (Orc:2)
  An ugly thing (Depths:2)
  An ettin skeleton (Abyss:3)
  7 yaks (Lair:4)
  3 redbacks
  An acid dragon (Lair:5)
  A black bear (D:6)
  A jelly (Lair:4)
  2 orcs (D:6)
25 creatures vanquished.

Vanquished Creatures (others)
  A caustic shrike (Depths:4)
  A deep elf high priest (Elf:3)
  A dancing weapon (Depths:2)
  3 hell knights (Depths:4)
  A deep elf pyromancer (Elf:1)
  2 bloated husks
  A slime creature (Abyss:3)
  A small abomination (Abyss:3)
  3 yaks (D:12)
  A wolf (Lair:2)
  A gnoll (D:6)
  An orc (D:6)
  14 foxfires
  7 starspawn tentacles (Abyss:3)
38 creatures vanquished.

Grand Total: 1559 creatures vanquished

Notes
Turn   | Place    | Note
-------+----------+-------------------------------------------
     0 | D:1      | thriggle the Formicid Fighter began the quest for the Orb.
     0 | D:1      | Reached XP level 1. HP: 18/18 MP: 1/1
    62 | D:1      | Reached XP level 2. HP: 24/24 MP: 2/2
   166 | D:1      | Reached XP level 3. HP: 23/29 MP: 3/3
   215 | D:1      | Reached skill level 1 in Throwing
   611 | D:2      | Found a radiant altar of Vehumet.
   700 | D:2      | Gained mutation: Your mind is acute. (Int +4, Str/Dex -1)
                  | [potion of mutation]
   700 | D:2      | Gained mutation: Your flesh is heat resistant. (rF+)
                  | [potion of mutation]
   700 | D:2      | Gained mutation: You occasionally lose the ability to drink
                  | potions when taking damage. [potion of mutation]
   701 | D:2      | Lost mutation: You occasionally lose the ability to drink
                  | potions when taking damage. [potion of mutation]
   701 | D:2      | Lost mutation: Your mind is acute. (Int +4, Str/Dex -1)
                  | [potion of mutation]
   701 | D:2      | Gained mutation: Your muscles are strong. (Str +4, Int/Dex
                  | -1) [potion of mutation]
   721 | D:2      | Reached XP level 4. HP: 36/36 MP: 4/4
   803 | D:2      | Found a faded altar of an unknown god.
   811 | D:2      | Prayed at the altar of an unknown god.
   811 | D:2      | Became a worshipper of Xom of Chaos
   815 | D:2      | Found Xusyledi's Jewellery Emporium.
  1542 | D:3      | XOM: silly message
  1662 | D:3      | Reached skill level 1 in Stealth
  1865 | D:3      | Reached XP level 5. HP: 42/42 MP: 5/5
  2118 | D:4      | Noticed an ogre
  2118 | D:4      | Found Baunaude's Distillery.
  2123 | D:4      | Killed an ogre
  2124 | D:4      | Reached skill level 1 in Dodging
  2131 | D:4      | Reached XP level 6. HP: 46/48 MP: 6/6
  2144 | D:4      | Reached skill level 5 in Shields
  2162 | D:4      | XOM: potion effect (brilliance)
  2175 | D:4      | Bought a potion of curing for 33 gold pieces
  2175 | D:4      | Bought a potion of invisibility for 88 gold pieces
  2242 | D:4      | Noticed an ice beast
  2253 | D:4      | Reached skill level 3 in Polearms
  2261 | D:4      | Killed an ice beast
  2312 | D:4      | XOM: divination: detect items
  2347 | D:4      | XOM: summons friendly iron imp
  2352 | D:4      | XOM: scenery: summon butterflies
  2367 | D:4      | XOM: cleaving
  2374 | D:4      | Reached XP level 7. HP: 33/55 MP: 3/7
  2375 | D:4      | XOM: polymorph butterfly -> jelly
  2380 | D:4      | XOM: scenery: create altars
  2424 | D:4      | Found a staircase to the Ecumenical Temple.
  2550 | D:4      | Found a shimmering altar of Xom.
  2550 | D:4      | Found an ornate altar of the Wu Jian Council.
  3052 | D:4      | Bought a potion of brilliance for 44 gold pieces
  3055 | D:5      | Entered Level 5 of the Dungeon
  3134 | D:5      | XOM: cleaving
  3150 | D:5      | XOM: god gift: 6 stones
  3266 | D:5      | XOM: divination: detect items
  3333 | D:5      | Reached XP level 8. HP: 45/61 MP: 5/8
  3500 | D:5      | XOM: give mutations
  3500 | D:5      | Gained mutation: Your mind is acute. (Int +4, Str/Dex -1)
                  | [Xom's grace]
  3500 | D:5      | Gained mutation: Your movements are slightly less
                  | encumbered by armour. (ER -2) [Xom's grace]
  3500 | D:5      | Gained mutation: Your system is resistant to poisons.
                  | (rPois) [Xom's grace]
  3577 | D:5      | XOM: polymorph hound -> hobgoblin
  3874 | D:6      | Noticed Edmund
  3878 | D:6      | XOM: enchant monster (good)
  3881 | D:6      | Reached skill level 5 in Fighting
  3884 | D:6      | Reached skill level 4 in Polearms
  3884 | D:6      | Reached skill level 5 in Armour
  3886 | D:6      | XOM: summons 3 friendly demons
  3923 | D:6      | XOM: summons friendly iron imp
  3946 | D:6      | Killed Edmund
  4045 | D:6      | XOM: noise
  4083 | D:6      | XOM: summons 3 hostile shadow creatures
  4084 | D:6      | XOM: confusion
  4105 | D:6      | Reached XP level 9. HP: 38/68 MP: 7/9
  4174 | D:6      | XOM: enchant monster (good)
  4192 | D:6      | XOM: enchant monster (good)
  4300 | D:6      | Reached skill level 5 in Stealth
  4370 | D:6      | Noticed Eustachio
  4370 | D:6      | Noticed Blork the orc
  4398 | D:6      | Killed Eustachio
  4398 | D:6      | Killed Blork the orc
  4405 | D:6      | Noticed Duvessa
  4406 | D:6      | XOM: enchant monster (bad)
  4409 | D:6      | Noticed Dowan
  4410 | D:6      | Reached skill level 5 in Polearms
  4412 | D:6      | XOM: confusion
  4426 | D:6      | XOM: noise
  4431 | D:6      | Killed Duvessa
  4454 | D:6      | Killed Dowan
  4637 | D:6      | Found a stormy altar of Qazlal.
  4766 | D:7      | XOM: scenery: create altars
  4792 | D:6      | XOM: chaos upgrade
  4872 | D:7      | Identified the ring of Okawaru, Teaching {AC+4 Slay+4}
  4951 | D:7      | XOM: polymorph sleepcap -> ballistomycete
  5003 | D:7      | Identified the +7 trident "Voikydd" {flame, *Rage rCorr
                  | Int-4 SInv}
  5008 | D:7      | XOM: give mutations
  5008 | D:7      | Gained mutation: You are covered in fur. (AC +1) [Xom's
                  | grace]
  5008 | D:7      | Gained mutation: Your movements are less encumbered by
                  | armour. (ER -4) [Xom's grace]
  5008 | D:7      | Gained mutation: You are robust. (+10% HP) [Xom's grace]
  5157 | D:7      | Reached XP level 10. HP: 69/84 MP: 10/10
  5344 | D:7      | Reached skill level 5 in Throwing
  5344 | D:7      | Found a basalt altar of Yredelemnul.
  5353 | D:7      | XOM: silly message
  5710 | D:8      | XOM: noise
  5807 | D:8      | Reached skill level 6 in Polearms
  5986 | D:8      | Noticed Erica
  5987 | D:8      | XOM: divination: magic mapping
  5996 | D:8      | Killed Erica
  5997 | D:8      | Reached skill level 1 in Evocations
  6402 | D:9      | Reached XP level 11. HP: 88/92 MP: 11/11
  6403 | D:9      | Reached skill level 5 in Dodging
  6454 | D:9      | XOM: confuse monster(s)
  6546 | D:9      | XOM: cleaving
  6548 | D:9      | Reached skill level 7 in Polearms
  6665 | D:9      | XOM: divination: detect creatures
  6668 | D:9      | Found a burning altar of Makhleb.
  6674 | D:9      | XOM: noise
  6681 | D:9      | Found an opulent altar of Gozag.
  6909 | D:9      | XOM: enchant monster (bad)
  6931 | D:9      | Found a staircase to the Orcish Mines.
  6971 | D:9      | Found a staircase to the Lair.
  7126 | D:10     | Entered Level 10 of the Dungeon
  7131 | D:10     | Noticed a skeletal warrior
  7199 | D:10     | Found a flagged portal.
  7233 | Bailey   | Entered a bailey
  7319 | Bailey   | XOM: cloud trail
  7480 | Bailey   | XOM: summons friendly iron imp
  7499 | Bailey   | Reached skill level 8 in Polearms
  7504 | Bailey   | Reached XP level 12. HP: 90/102 MP: 12/12
  7517 | Bailey   | XOM: noise
  7750 | Bailey   | Got Sif Muna's Exposition on the Birds
  7819 | Bailey   | Acquired a +1 pair of gloves of strength
  7870 | D:10     | Upgraded the game from 0.32-a0-7-ge934b4519a to
                  | 0.32-a0-12-g7fc57aa741
  7944 | D:10     | Found the +5 scythe "Finisher" {speed, execute}
  7951 | D:10     | Killed a skeletal warrior
  7960 | D:10     | Reached skill level 10 in Shields
  8034 | D:10     | XOM: noise
  8107 | D:10     | XOM: enchant monster (bad)
  8109 | D:10     | XOM: silly message
  8326 | D:10     | XOM: silly message
  8380 | D:10     | XOM: silly message
  8508 | D:10     | Identified the ring of Zofig {Str+3 SInv}
  8599 | D:10     | XOM: divination: detect creatures
  8831 | D:10     | XOM: god gift: emerald ring {god gift}
  9024 | D:11     | XOM: scenery: create altars
  9346 | D:11     | XOM: give mutations
  9346 | D:11     | Gained mutation: You are agile. (Dex +4, Str/Int -1) [Xom's
                  | grace]
  9346 | D:11     | Gained mutation: Your flesh is very heat resistant. (rF++)
                  | [Xom's grace]
  9374 | D:11     | Noticed a boulder beetle
  9375 | D:11     | XOM: destruction
  9384 | D:11     | Killed a boulder beetle
  9385 | D:11     | Reached skill level 9 in Polearms
  9658 | D:11     | XOM: god gift: 19 gold pieces
  9784 | D:11     | Noticed a skeletal warrior
  9801 | D:11     | Killed a skeletal warrior
  9816 | D:11     | Reached skill level 5 in Evocations
  9878 | D:11     | XOM: confuse monster(s)
  9885 | D:11     | XOM: butterfly on damage
  9887 | D:11     | XOM: enchant monster (good)
  9889 | D:11     | XOM: summons 2 friendly demons
  9899 | D:11     | Reached XP level 13. HP: 58/111 MP: 13/13
  9958 | D:11     | XOM: give mutation
  9958 | D:11     | Gained mutation: You are partially covered in large bone
                  | plates. (SH +4) [Xom's grace]
  9991 | D:11     | XOM: silly message
 10000 | D:11     | Identified the +4 battleaxe "Gasy" {drain, rElec Str+3}
 10012 | D:11     | Identified the ring "Koifatasi" {rF+ rCorr Str+5}
 10012 | D:11     | Noticed a centaur warrior
 10023 | D:11     | Killed a centaur warrior
 10026 | D:11     | Noticed a catoblepas
 10032 | D:11     | XOM: divine lightning
 10033 | D:11     | a catoblepas changed into a skyshark
 10033 | D:11     | XOM: polymorph catoblepas -> skyshark
 10054 | D:11     | Reached skill level 10 in Polearms
 10065 | D:11     | Noticed a six-headed hydra
 10282 | D:11     | XOM: enchant monster (good)
 10306 | D:11     | Killed a six-headed hydra
 10556 | D:12     | XOM: fog
 10587 | D:12     | XOM: divine lightning
 10604 | D:12     | Noticed Gastronok
 10617 | D:12     | Killed Gastronok
 10968 | D:12     | XOM: cloud trail
 11237 | D:13     | XOM: scenery: create altars
 11249 | D:13     | XOM: scenery: summon butterflies
 11315 | D:13     | XOM: god gift: potion of curing
 11344 | D:13     | Reached skill level 10 in Fighting
 11401 | D:13     | XOM: polymorph cyclops -> spriggan
 11453 | D:13     | XOM: summons 13 friendly demons
 11472 | D:13     | XOM: god gift: 6 curare-tipped darts
 11476 | D:13     | Reached XP level 14. HP: 118/121 MP: 14/14
 11501 | D:13     | Identified the amulet of Axushow {rF+ rN+ Regen+ Int+4}
 11829 | D:12     | XOM: scenery: create altars
 11922 | Lair:1   | Entered Level 1 of the Lair of Beasts
 11931 | Lair:1   | XOM: fake destruction
 11943 | Lair:1   | Found a runed translucent gate.
 11943 | Lair:1   | Found a runed translucent gate.
 11943 | Lair:1   | Found a runed translucent gate.
 11944 | Lair:1   | Noticed arthad's ghost (journeyman OnBe)
 11945 | Lair:1   | Noticed experimilk's ghost (journeyman TrGl)
 12176 | Lair:1   | XOM: stat loss: -1 Int (6/7)
 12368 | Lair:1   | XOM: polymorph blink frog -> scorpion
 12382 | Lair:1   | Reached skill level 11 in Polearms
 12598 | Lair:2   | Reached skill level 10 in Armour
 12624 | Lair:2   | XOM: potion effect (brilliance)
 12765 | Lair:2   | XOM: enchant monster (good)
 12824 | Lair:2   | XOM: divination: magic mapping
 12828 | Lair:2   | XOM: noise
 13040 | Lair:2   | Found a hole to the Spider Nest.
 13185 | Lair:2   | Found a runed translucent gate.
 13185 | Lair:2   | Found a runed translucent gate.
 13185 | Lair:2   | Found a runed translucent gate.
 13186 | Lair:2   | Noticed Zumudolu's ghost (journeyman MiFi)
 13257 | Lair:2   | XOM is BORED!
 13257 | Lair:2   | XOM: noise
 13446 | Lair:2   | Found a staircase to the Swamp.
 13447 | Lair:2   | XOM: noise
 13618 | Lair:3   | XOM: noise
 13964 | Lair:3   | XOM: potion effect (brilliance)
 13979 | Lair:3   | XOM: enchant monster (bad)
 14263 | Lair:3   | XOM: cast spell 'Summon Hydra'
 14422 | Lair:4   | Found a dark tunnel.
 14433 | Volcano  | Entered a volcano
 14664 | Volcano  | Reached skill level 12 in Polearms
 14667 | Volcano  | Reached XP level 15. HP: 110/128 MP: 15/15
 15102 | Lair:4   | XOM: cast spell 'Summon Horrible Things'
 15112 | Lair:4   | Found a staircase to the Slime Pits.
 15233 | Lair:4   | Found a viscous altar of Jiyva.
 15379 | Lair:4   | XOM: give mutation
 15379 | Lair:4   | Gained mutation: You are very agile. (Dex +8, Str/Int -2)
                  | [Xom's grace]
 15604 | Lair:5   | Entered Level 5 of the Lair of Beasts
 15640 | Lair:5   | Reached skill level 15 in Shields
 15653 | Lair:5   | XOM is BORED!
 15653 | Lair:5   | XOM: give mutations
 15653 | Lair:5   | Lost mutation: Your movements are less encumbered by
                  | armour. (ER -4) [Xom's mischief]
 15653 | Lair:5   | Lost mutation: Your movements are slightly less encumbered
                  | by armour. (ER -2) [Xom's mischief]
 15653 | Lair:5   | Lost mutation: Your mind is acute. (Int +4, Str/Dex -1)
                  | [Xom's mischief]
 15787 | Lair:5   | XOM: summons 8 hostile demons
 15788 | Lair:5   | XOM: swap monsters
 15791 | Lair:5   | XOM: draining
 15801 | Lair:5   | XOM: give mutations
 15801 | Lair:5   | Gained mutation: You are dopey. (Int -2) [Xom's mischief]
 15801 | Lair:5   | Gained mutation: You are somewhat resistant to further
                  | mutation. [Xom's mischief]
 15801 | Lair:5   | Lost mutation: You are covered in fur. (AC +1) [Xom's
                  | mischief]
 15843 | Lair:5   | XOM: polymorph smoke demon -> hell beast
 15853 | Lair:5   | XOM: polymorph yak -> dream sheep
 16088 | Lair:5   | XOM: blink monster(s)
 16113 | Lair:5   | XOM: confusion
 16117 | Lair:5   | XOM: torment (18/130 hp)
 16390 | Lair:5   | XOM: summons 5 friendly demons
 16422 | Lair:5   | XOM: confuse monster(s)
 16427 | Lair:5   | Reached skill level 13 in Polearms
 16570 | Lair:5   | Upgraded the game from 0.32-a0-12-g7fc57aa741 to
                  | 0.32-a0-18-g89e19f1974
 16804 | Lair:5   | Reached skill level 10 in Throwing
 16833 | Lair:5   | Reached XP level 16. HP: 139/139 MP: 16/16
 17152 | Lair:5   | XOM: enchant monster (good)
 17476 | Orc:1    | Entered Level 1 of the Orcish Mines
 17547 | Orc:1    | Found a transporter.
 17560 | Orc:1    | Found a transporter.
 17672 | Orc:1    | Found a bloodstained altar of Trog.
 17802 | Orc:1    | XOM: divination: magic mapping
 17870 | Orc:1    | Found a transporter.
 17874 | Orc:1    | Found Ytanlin's Antique Weapon Boutique.
 17876 | Orc:1    | Found a transporter.
 17960 | Orc:1    | Noticed Pedyestre's ghost (journeyman DsIE)
 17991 | Orc:1    | Found Raishiud's General Store.
 18037 | Orc:1    | Bought a +3 chain mail of cold resistance for 371 gold
                  | pieces
 18090 | Orc:1    | Killed Pedyestre's ghost
 18184 | Orc:2    | Entered Level 2 of the Orcish Mines
 18184 | Orc:2    | XOM: god gift: heavily runed chain mail {god gift}
 18184 | Orc:2    | Identified the +6 chain mail "Pirez" {+Inv Fly Str+3} (Xom
                  | gifted it to you on level 2 of the Orcish Mines)
 18352 | Orc:2    | Noticed Maurice
 18369 | Orc:2    | Killed Maurice
 18407 | Orc:2    | Found a staircase to the Elven Halls.
 18545 | Orc:2    | Noticed Erolcha
 18557 | Orc:2    | Killed Erolcha
 18587 | Orc:2    | Found a runed translucent door.
 18590 | Orc:2    | Noticed GrumpyGrim72's ghost (journeyman DECj)
 18653 | Orc:2    | XOM: god gift: potion of curing
 18694 | Orc:2    | XOM: summons 4 hostile shadow creatures
 18918 | Orc:2    | XOM: noise
 19053 | Orc:2    | Found Wyafeos's General Store.
 19079 | Orc:2    | Found Xekhuq's Distillery.
 19179 | Orc:2    | Bought a potion of heal wounds for 60 gold pieces
 19179 | Orc:2    | Bought a potion of ambrosia for 96 gold pieces
 19179 | Orc:2    | Bought a potion of cancellation for 96 gold pieces
 19187 | Orc:2    | Bought a scroll of summoning for 104 gold pieces
 19295 | Orc:2    | XOM: silly message
 19325 | Orc:2    | XOM: silly message
 19424 | Orc:2    | XOM: noise
 19436 | Orc:2    | XOM: cast spell 'Summon Mana Viper'
 19454 | Orc:2    | Found Ihinurit's Book Emporium.
 19454 | Orc:2    | Found Wiasyqus's Antique Weapon Shoppe.
 19454 | Orc:2    | Found a one-way gate leading to the halls of Pandemonium.
 19608 | Orc:2    | Killed GrumpyGrim72's ghost
 19677 | Orc:1    | Bought a scroll of identify for 28 gold pieces
 19746 | Elf:1    | Entered Level 1 of the Elven Halls
 19754 | Elf:1    | XOM: confuse monster(s)
 19770 | Elf:1    | XOM: confuse monster(s)
 19774 | Elf:1    | Reached skill level 14 in Polearms
 19839 | Elf:1    | Found Biarghou's Weapon Shoppe.
 19895 | Elf:1    | XOM: cast spell 'Summon Cactus Giant'
 20103 | D:9      | XOM: god gift: iridescent short sword {god gift}
 20103 | D:9      | Identified the +3 short sword of the Curious Artists
                  | {chaos, rElec rF- Str+5} (Xom gifted it to you on level 9
                  | of the Dungeon)
 20156 | Lair:1   | XOM: scenery: create altars
 20206 | Lair:1   | Killed experimilk's ghost
 20222 | Lair:1   | Killed arthad's ghost
 20223 | Lair:1   | Reached XP level 17. HP: 121/142 MP: 17/17
 20306 | Lair:2   | XOM: torment (72/142 hp)
 20317 | Lair:2   | XOM: summons 1 hostile shadow creature
 20471 | Spider:1 | Entered Level 1 of the Spider Nest
 20517 | Spider:1 | XOM: scenery: summon butterflies
 20599 | Spider:1 | XOM: destruction
 20611 | Spider:1 | XOM: summons 4 friendly demons
 20765 | Spider:1 | XOM: give mutations
 20765 | Spider:1 | Gained mutation: You are somewhat resistant to both further
                  | mutation and mutation removal. [Xom's mischief]
 20765 | Spider:1 | Lost mutation: You are dopey. (Int -2) [Xom's mischief]
 20765 | Spider:1 | Lost mutation: You are partially covered in large bone
                  | plates. (SH +4) [Xom's mischief]
 20765 | Spider:1 | Gained mutation: You possess an exceptional clarity of
                  | mind. [Xom's mischief]
 20785 | Spider:1 | XOM: give mutations
 20785 | Spider:1 | Gained mutation: A frigid envelope surrounds you and
                  | freezes all who hurt you. [Xom's mischief]
 20785 | Spider:1 | Lost mutation: Your system is resistant to poisons. (rPois)
                  | [Xom's mischief]
 20785 | Spider:1 | Lost mutation: You are very agile. (Dex +8, Str/Int -2)
                  | [Xom's mischief]
 20915 | Lair:1   | XOM: silly message
 21573 | Spider:1 | Identified the serpent talisman of the Heavens {Str+2}
 21573 | Spider:1 | Noticed Aizul
 21578 | Spider:1 | Killed Aizul
 21579 | Spider:1 | Reached skill level 10 in Evocations
 21842 | Spider:1 | XOM: god gift: 38 gold pieces
 22086 | Spider:2 | Noticed Arachne
 22103 | Spider:2 | Killed Arachne
 22138 | Spider:2 | Noticed Asterion
 22145 | Spider:2 | Noticed an Executioner
 22146 | Spider:2 | Killed Asterion
 22167 | Spider:2 | XOM: summons 1 hostile demon
 22186 | Spider:2 | XOM: polymorph orb spider -> boulder beetle
 22544 | Spider:1 | XOM: divination: detect creatures
 22595 | Spider:2 | XOM: repel stairs
 22807 | Spider:2 | XOM: summons 2 hostile shadow creatures
 22859 | Spider:2 | XOM: draining
 22882 | Spider:2 | Reached skill level 10 in Dodging
 22885 | Spider:2 | XOM: chaos cloud
 22928 | Spider:2 | XOM: silly message
 22941 | Spider:2 | XOM: cast spell 'Animate Armour'
 23045 | Spider:2 | XOM: cloud trail
 23431 | Spider:2 | Reached skill level 15 in Polearms
 23437 | Spider:3 | XOM: enchant monster (good)
 23439 | Spider:3 | XOM: silly message
 23441 | Spider:3 | XOM: enchant monster (bad)
 23449 | Spider:3 | XOM: divination: detect items
 23617 | Spider:2 | XOM: enchant monster (good)
 23722 | Spider:2 | XOM: cloud trail
 23751 | Spider:3 | XOM: swap monsters
 23774 | Spider:3 | Reached XP level 18. HP: 132/157 MP: 18/18
 24091 | Spider:2 | XOM: summons 6 friendly demons
 24104 | Spider:2 | XOM: smoke on damage
 24288 | Spider:3 | XOM: blink monster(s)
 24297 | Spider:3 | XOM: polymorph jumping spider -> shapeshifter
 24490 | Spider:2 | XOM: cloud trail
 24503 | Spider:3 | XOM: confuse monster(s)
 24671 | Spider:3 | XOM: repel stairs
 24679 | Spider:3 | XOM: confuse monster(s)
 24876 | Spider:3 | Identified the +3 long sword "Cilelead" {freeze, Dex+4}
 25102 | Spider:4 | Entered Level 4 of the Spider Nest
 25128 | Spider:4 | XOM: summons 2 hostile demons
 25253 | Spider:4 | Noticed Bai Suzhen
 25287 | Spider:4 | Killed Bai Suzhen
 25314 | Spider:4 | XOM: give mutations
 25314 | Spider:4 | Gained mutation: Your muscles are very strong. (Str +8,
                  | Int/Dex -2) [Xom's grace]
 25314 | Spider:4 | Gained mutation: You have large cloven feet. [Xom's grace]
 25314 | Spider:4 | Lost mutation: You are somewhat resistant to both further
                  | mutation and mutation removal. [Xom's grace]
 25314 | Spider:4 | Lost mutation: You are somewhat resistant to further
                  | mutation. [Xom's grace]
 25314 | Spider:4 | Gained mutation: You have hidden genetic potential. [Xom's
                  | grace]
 25314 | Spider:4 | Gained mutation: Your spells are a little harder to cast,
                  | but a little more powerful. [Xom's grace]
 25391 | Spider:4 | XOM: god gift: 9 gold pieces
 25548 | Spider:4 | XOM: polymorph demonic crawler -> ynoxinul
 25573 | Spider:4 | XOM: polymorph emperor scorpion -> shapeshifter
 25590 | Spider:4 | XOM: destruction
 25644 | Spider:4 | XOM: cast spell 'Animate Armour'
 25728 | Spider:4 | Identified the +2 hat of Insatiable Hunger {Rampage Will+
                  | Str-4 Int+4}
 25772 | Spider:4 | Got a gossamer rune of Zot
 25775 | Spider:4 | XOM: god gift: Xom's Precepts of Disarray {god gift}
 25776 | Spider:4 | Got Xom's Precepts of Disarray {god gift}
 25981 | Spider:4 | XOM: silly message
 26017 | Spider:1 | XOM: cloud trail
 26076 | Swamp:1  | XOM: noise
 26076 | Swamp:1  | Entered Level 1 of the Swamp
 26079 | Swamp:1  | Noticed Louise
 26089 | Swamp:1  | XOM: cleaving
 26092 | Swamp:1  | Killed Louise
 26106 | Swamp:1  | XOM: give mutations
 26106 | Swamp:1  | Lost mutation: You have large cloven feet. [Xom's grace]
 26106 | Swamp:1  | Gained mutation: You have sharp toenails. [Xom's grace]
 26106 | Swamp:1  | Gained mutation: Your spells are harder to cast, but more
                  | powerful. [Xom's grace]
 26106 | Swamp:1  | Gained mutation: You have razor-sharp toenails. [Xom's
                  | grace]
 26149 | Lair:2   | Reached skill level 16 in Polearms
 26153 | Lair:2   | XOM: summons 5 friendly demons
 26154 | Lair:2   | Killed Zumudolu's ghost
 26156 | Lair:2   | Reached XP level 19. HP: 164/166 MP: 19/19
 26263 | Swamp:1  | XOM: blink monster(s)
 26360 | Swamp:1  | Identified the +6 dagger of Lenamnul {flame, *Noise rPois
                  | Int+7 SInv}
 26986 | Swamp:2  | XOM: blink monster(s)
 27024 | Swamp:2  | XOM: enchant monster (bad)
 27060 | Swamp:2  | XOM: torment (85/167 hp)
 27255 | Swamp:2  | XOM: give mutation
 27255 | Swamp:2  | Lost mutation: A frigid envelope surrounds you and freezes
                  | all who hurt you. [Xom's mischief]
 27430 | Swamp:3  | XOM: noise
 27523 | Swamp:3  | XOM: stat loss: -1 Int (6/7)
 27527 | Swamp:3  | XOM: blink monster(s)
 27545 | Swamp:3  | Gained mutation: Your mind is acute. (Int +4, Str/Dex -1)
                  | [hidden potential]
 27569 | Swamp:3  | XOM: chaos cloud
 27583 | Swamp:3  | XOM: blink monster(s)
 27612 | Swamp:3  | XOM: give mutations
 27612 | Swamp:3  | Lost mutation: You are agile. (Dex +4, Str/Int -1) [Xom's
                  | mischief]
 27612 | Swamp:3  | Gained mutation: You are partially covered in iridescent
                  | scales. (AC +2) [Xom's mischief]
 27612 | Swamp:3  | Lost mutation: You have hidden genetic potential. [Xom's
                  | mischief]
 27612 | Swamp:3  | Gained mutation: You do not regenerate when monsters are
                  | visible. [Xom's mischief]
 27632 | Swamp:3  | Lost mutation: Your mind is acute. (Int +4, Str/Dex -1)
                  | [potion of mutation]
 27632 | Swamp:3  | Lost mutation: Your spells are harder to cast, but more
                  | powerful. [potion of mutation]
 27632 | Swamp:3  | Lost mutation: You are robust. (+10% HP) [potion of
                  | mutation]
 27632 | Swamp:3  | Gained mutation: Your mind is acute. (Int +4, Str/Dex -1)
                  | [potion of mutation]
 27633 | Swamp:3  | Lost mutation: You do not regenerate when monsters are
                  | visible. [potion of mutation]
 27633 | Swamp:3  | Lost mutation: Your spells are a little harder to cast, but
                  | a little more powerful. [potion of mutation]
 27633 | Swamp:3  | Gained mutation: Your body sometimes deteriorates upon
                  | taking damage. [potion of mutation]
 27633 | Swamp:3  | Gained mutation: You are strong-willed. (Will+) [potion of
                  | mutation]
 27634 | Swamp:3  | Lost mutation: Your mind is acute. (Int +4, Str/Dex -1)
                  | [potion of mutation]
 27634 | Swamp:3  | Lost mutation: You are partially covered in iridescent
                  | scales. (AC +2) [potion of mutation]
 27634 | Swamp:3  | Lost mutation: You are strong-willed. (Will+) [potion of
                  | mutation]
 27634 | Swamp:3  | Gained mutation: You are partially covered in iridescent
                  | scales. (AC +2) [potion of mutation]
 27634 | Swamp:3  | Gained mutation: You have an increased reservoir of magic.
                  | (+10% MP) [potion of mutation]
 27847 | Swamp:4  | Entered Level 4 of the Swamp
 27857 | Swamp:4  | XOM: noise
 28130 | Swamp:4  | XOM: swap monsters
 28229 | Swamp:4  | XOM: enchant monster (bad)
 28258 | Swamp:4  | XOM: fake destruction
 28284 | Swamp:4  | XOM: scenery: summon butterflies
 28298 | Swamp:4  | Reached skill level 10 in Stealth
 28402 | Swamp:3  | XOM: cloud trail
 28421 | Swamp:4  | XOM: scenery: summon butterflies
 28423 | Swamp:4  | Noticed the 27-headed Lernaean hydra
 28435 | Swamp:4  | Killed the 27-headed Lernaean hydra
 28526 | Swamp:4  | XOM: potion effect (heal wounds)
 28551 | Swamp:4  | Identified the +3 dagger of Gallantry {flame, rC+}
 28585 | Swamp:4  | Got a decaying rune of Zot
 28960 | Elf:1    | Reached XP level 20. HP: 140/160 MP: 22/22
 29078 | Elf:1    | XOM: polymorph deep elf pyromancer -> goblin
 29266 | Elf:1    | XOM: scenery: 1 doors close
 29300 | Elf:1    | Got the Volume of Stolen Souls
 29554 | Elf:1    | XOM: silly message
 29742 | Elf:2    | Reached skill level 17 in Polearms
 29772 | Elf:2    | XOM: give mutations
 29772 | Elf:2    | Gained mutation: You are mostly covered in iridescent
                  | scales. (AC +4) [Xom's grace]
 29772 | Elf:2    | Gained mutation: You have sharp fingernails. [Xom's grace]
 29772 | Elf:2    | Gained mutation: You expend magic power (3 MP) to
                  | strengthen your wands. [Xom's grace]
 29772 | Elf:2    | Gained mutation: You are somewhat resistant to further
                  | mutation. [Xom's grace]
 29921 | Elf:2    | Found a portal to a secret trove of treasure.
 29952 | Elf:2    | Identified the ring of the Everdark {Will+ Int+3 Dex+2}
                  | (Xom gifted it to you on level 2 of the Elven Halls)
 29952 | Elf:2    | XOM: god gift: ring of the Everdark {Will+ Int+3 Dex+2}
 29965 | Elf:2    | Found a runed translucent gate.
 29965 | Elf:2    | Found a runed translucent gate.
 29965 | Elf:2    | Found a runed translucent gate.
 30185 | Elf:2    | XOM: give mutation
 30185 | Elf:2    | Lost mutation: Your muscles are very strong. (Str +8,
                  | Int/Dex -2) [Xom's mischief]
 30329 | Abyss:3  | Cast into level 3 of the Abyss (+2 glaive of distortion)
 30487 | Abyss:3  | XOM: confuse monster(s)
 30546 | Abyss:3  | XOM: summons 7 friendly demons
 30618 | Abyss:3  | XOM: scenery: summon butterflies
 30696 | Abyss:3  | XOM: fake destruction
 30698 | Abyss:3  | XOM: potion effect (invisibility)
 30833 | Abyss:3  | XOM: divine lightning
 30841 | Elf:2    | Escaped the Abyss
 30847 | Elf:2    | XOM: summons friendly crimson imp
 30865 | Abyss:3  | Cast into level 3 of the Abyss (+2 glaive of distortion)
 30865 | Elf:2    | Escaped the Abyss
 30865 | Elf:2    | XOM: revert banishment
 30899 | Elf:2    | Noticed Donald
 30918 | Elf:2    | Killed Donald
 30925 | Elf:2    | Upgraded the game from 0.32-a0-18-g89e19f1974 to
                  | 0.32-a0-20-ge526923d97
 30950 | Elf:2    | XOM: god gift: +2 glaive of venom
 30961 | Elf:2    | XOM: polymorph deep elf pyromancer -> ogre
 30968 | Elf:2    | XOM: noise
 30969 | Elf:2    | XOM: summons friendly ufetubus
 31102 | Elf:2    | Noticed Jorgrun
 31106 | Elf:2    | Killed Jorgrun
 31116 | Elf:2    | XOM: scenery: create altars
 31284 | Elf:2    | Identified the blade talisman of the Onion {rPois rF+++
                  | rC-}
 31414 | Elf:3    | Entered Level 3 of the Elven Halls
 31502 | Elf:3    | Reached skill level 15 in Fighting
 31533 | Elf:3    | Reached XP level 21. HP: 162/168 MP: 23/23
 31652 | Elf:3    | XOM: confuse monster(s)
 31662 | Elf:3    | XOM: fog
 31673 | Elf:3    | XOM: divine lightning
 31676 | Elf:3    | XOM: enchant monster (good)
 31776 | Orc:2    | Bought a potion of curing for 33 gold pieces
 31778 | Orc:2    | Bought a potion of curing for 36 gold pieces
 31778 | Orc:2    | Bought a potion of curing for 36 gold pieces
 31778 | Orc:2    | Bought a potion of attraction for 36 gold pieces
 31877 | D:10     | XOM: god gift: flail {god gift}
 32091 | D:14     | Found a sacrificial altar of Ru.
 32163 | D:14     | Found a gate leading to a gauntlet.
 32172 | Gauntlet | Entered a Gauntlet
 32172 | Gauntlet | Found a transporter.
 32181 | Gauntlet | Found a transporter.
 32184 | Gauntlet | Found a transporter.
 32185 | Gauntlet | Found a transporter.
 32189 | Gauntlet | Found a runed translucent door.
 32189 | Gauntlet | Found a runed translucent door.
 32193 | Gauntlet | Found a transporter.
 32196 | Gauntlet | Found a transporter.
 32197 | Gauntlet | Found a transporter.
 32205 | Gauntlet | Found a transporter.
 32207 | Gauntlet | Found the +2 cloak of the Thief {*Fog Slay-2 SInv Stlth+}
 32208 | Gauntlet | Found a transporter.
 32209 | Gauntlet | Found a transporter.
 32237 | Gauntlet | Found a transporter.
 32238 | Gauntlet | Found a transporter.
 32239 | Gauntlet | Found a transporter.
 32249 | Gauntlet | Found a transporter.
 32410 | Gauntlet | Identified the +2 pair of gloves of a bazaar {rC++ MP-9
                  | Dex+8 Stlth-}
 32440 | Gauntlet | XOM: give mutations
 32440 | Gauntlet | Gained mutation: You are completely covered in iridescent
                  | scales. (AC +6) [Xom's grace]
 32440 | Gauntlet | Gained mutation: You are robust. (+10% HP) [Xom's grace]
 32440 | Gauntlet | Gained mutation: You are somewhat resistant to both further
                  | mutation and mutation removal. [Xom's grace]
 32466 | Gauntlet | Identified the ring of Dasof {rCorr Dex+6 Stlth+}
 32490 | Gauntlet | Identified the ring of Rasiocal {EV+5 Dex+3}
 32503 | Gauntlet | Gained mutation: Potions are less effective at restoring
                  | your health. [a neqoxec]
 32508 | Gauntlet | Lost mutation: You have sharp fingernails. [potion of
                  | mutation]
 32508 | Gauntlet | Lost mutation: You are completely covered in iridescent
                  | scales. (AC +6) [potion of mutation]
 32509 | Gauntlet | Lost mutation: Your muscles are strong. (Str +4, Int/Dex
                  | -1) [potion of mutation]
 32509 | Gauntlet | Lost mutation: Your flesh is very heat resistant. (rF++)
                  | [potion of mutation]
 32522 | Gauntlet | Identified the +6 spear of Worghus {pain, ^Drain rPois
                  | Int+10 Dex-4}
 32522 | Gauntlet | XOM: cleaving
 32824 | D:4      | Bought a potion of mutation for 88 gold pieces
 33035 | D:14     | Found a gate to the Vaults.
 33036 | D:14     | XOM: give mutations
 33036 | D:14     | Gained mutation: A frigid envelope surrounds you and
                  | freezes all who hurt you. [Xom's grace]
 33036 | D:14     | Gained mutation: You are completely covered in iridescent
                  | scales. (AC +6) [Xom's grace]
 33036 | D:14     | Gained mutation: Your mind is acute. (Int +4, Str/Dex -1)
                  | [Xom's grace]
 33036 | D:14     | Gained mutation: You are agile. (Dex +4, Str/Int -1) [Xom's
                  | grace]
 33142 | D:14     | XOM: god gift: 51 gold pieces
 33197 | D:14     | Noticed Kirke
 33210 | D:14     | Killed Kirke
 33356 | D:14     | XOM: give mutation
 33356 | D:14     | Lost mutation: You have razor-sharp toenails. [Xom's
                  | mischief]
 33648 | D:15     | Entered Level 15 of the Dungeon
 33690 | D:15     | Reached skill level 18 in Polearms
 33730 | D:15     | Found a staircase to the Depths.
 33823 | D:15     | XOM: scenery: create altars
 33831 | D:15     | Found Pecvumol's General Store.
 34107 | D:15     | Lost mutation: You possess an exceptional clarity of mind.
                  | [potion of mutation]
 34296 | D:15     | XOM: divination: detect items
 34334 | Depths:1 | Entered Level 1 of the Depths
 34376 | Depths:1 | XOM: give mutation
 34376 | Depths:1 | Lost mutation: A frigid envelope surrounds you and freezes
                  | all who hurt you. [Xom's mischief]
 34392 | Depths:1 | Found a one-way gateway to a ziggurat.
 34405 | Depths:1 | Found a one-way gate to the infinite horrors of the Abyss.
 34414 | Depths:1 | XOM: confusion (+ monsters)
 34423 | Depths:1 | XOM: silly message
 34435 | Depths:1 | XOM: silly message
 34451 | Depths:1 | Noticed Nikola
 34453 | Depths:1 | Reached skill level 19 in Polearms
 34473 | Depths:1 | Killed Nikola
 34505 | Depths:1 | XOM: cast spell 'Dispersal'
 34549 | Depths:1 | Found a hide-covered altar of Uskayaw.
 34600 | Depths:1 | Found a gateway to Hell.
 34673 | Depths:1 | Found a glowing golden altar of the Shining One.
 34686 | Depths:1 | Found a burning altar of Makhleb.
 34743 | Depths:1 | XOM: noise
 34757 | Depths:1 | XOM: noise
 35106 | Depths:2 | Noticed Sojobo
 35176 | Depths:2 | XOM: chaos cloud
 35189 | Depths:2 | Reached XP level 22. HP: 192/192 MP: 15/24
 35231 | Depths:2 | Reached skill level 20 in Polearms
 35231 | Depths:2 | XOM: potion effect (attraction)
 35232 | Depths:2 | XOM: summons friendly quasit
 35233 | Depths:2 | XOM: polymorph tengu reaver -> shapeshifter
 35240 | Depths:2 | XOM: fake destruction
 35250 | Depths:2 | XOM: fog
 35252 | Depths:2 | XOM: summons friendly shadow imp
 35259 | Depths:2 | You are sucked into a shaft and drop 2 floors!
 35259 | Depths:4 | XOM: noise
 35259 | Depths:4 | Entered Level 4 of the Depths
 35261 | Depths:4 | XOM: silly message
 35272 | Depths:4 | XOM: silly message
 35313 | Depths:4 | XOM: divination: detect creatures
 35491 | Depths:4 | XOM: give mutations
 35491 | Depths:4 | Lost mutation: You are robust. (+10% HP) [Xom's mischief]
 35491 | Depths:4 | Lost mutation: You are agile. (Dex +4, Str/Int -1) [Xom's
                  | mischief]
 35491 | Depths:4 | Lost mutation: You are somewhat resistant to both further
                  | mutation and mutation removal. [Xom's mischief]
 35492 | Depths:4 | Lost mutation: Your body sometimes deteriorates upon taking
                  | damage. [potion of mutation]
 35492 | Depths:4 | Lost mutation: You have sharp toenails. [potion of
                  | mutation]
 35492 | Depths:4 | Lost mutation: You are somewhat resistant to further
                  | mutation. [potion of mutation]
 35492 | Depths:4 | Gained mutation: You are somewhat resistant to further
                  | mutation. [potion of mutation]
 35524 | Depths:4 | Noticed a caustic shrike
 35526 | Depths:4 | Killed a caustic shrike
 35613 | Depths:4 | Noticed a caustic shrike
 35616 | Depths:4 | Noticed a caustic shrike
 35620 | Depths:4 | Noticed a caustic shrike
 35621 | Depths:4 | Killed a caustic shrike
 35634 | Depths:4 | Killed a caustic shrike
 35634 | Depths:4 | XOM: divine lightning
 35635 | Depths:4 | Killed a caustic shrike
 35780 | Depths:4 | Noticed a caustic shrike
 35780 | Depths:4 | Noticed a caustic shrike
 35781 | Depths:4 | Noticed a caustic shrike
 35786 | Depths:4 | Noticed a caustic shrike
 35797 | Depths:4 | Killed a caustic shrike
 35804 | Depths:4 | XOM: noise
 35808 | Depths:4 | Killed a caustic shrike
 35816 | Depths:4 | Killed a caustic shrike
 35817 | Depths:4 | Reached skill level 21 in Polearms
 35819 | Depths:4 | Killed a caustic shrike
 36096 | Depths:2 | XOM: cast spell 'Discord'
 36098 | Depths:2 | XOM: summons 10 friendly demons
 36108 | Depths:2 | XOM: confusion (+ monsters)
 36124 | Depths:2 | Killed Sojobo
 36173 | Depths:2 | XOM: give mutations
 36173 | Depths:2 | Gained mutation: Armour fits poorly on your strangely
                  | shaped body. [Xom's mischief]
 36173 | Depths:2 | Lost mutation: Your flesh is heat resistant. (rF+) [Xom's
                  | mischief]
 36173 | Depths:2 | Lost mutation: Potions are less effective at restoring your
                  | health. [Xom's mischief]
 36173 | Depths:2 | Lost mutation: You expend magic power (3 MP) to strengthen
                  | your wands. [Xom's mischief]
 36296 | Depths:2 | Found a broken altar of Ashenzari.
 36430 | Depths:2 | Identified the +6 great sword "Paeroem" {speed, *Slow rC+++
                  | rN+ Will+}
 36713 | Depths:2 | XOM: give mutations
 36713 | Depths:2 | Gained mutation: Potions are less effective at restoring
                  | your health. [Xom's mischief]
 36713 | Depths:2 | Lost mutation: You are somewhat resistant to further
                  | mutation. [Xom's mischief]
 36713 | Depths:2 | Lost mutation: Armour fits poorly on your strangely shaped
                  | body. [Xom's mischief]
 36719 | Depths:2 | Reached skill level 22 in Polearms
 36720 | Depths:2 | XOM: divination: magic mapping
 36729 | Depths:2 | XOM: polymorph spark wasp -> shapeshifter
 36731 | Depths:2 | XOM: polymorph goliath frog -> shapeshifter
 36734 | Depths:2 | XOM: polymorph steelbarb worm -> shapeshifter
 36747 | Depths:2 | XOM: polymorph ettin -> shapeshifter
 36760 | Depths:2 | XOM: summons 13 friendly demons
 36766 | Depths:2 | XOM: scenery: 2 fountains blood, 1 doors close
 36768 | Depths:2 | XOM: summons 5 friendly demons
 36774 | Depths:2 | XOM: noise
 36775 | Depths:2 | XOM: summons friendly iron imp
 36842 | Depths:2 | XOM: divination: magic mapping
 36849 | Depths:2 | XOM: cast spell 'Summon Small Mammal'
 36855 | Depths:2 | You are sucked into a shaft and drop 1 floor!
 36862 | Depths:3 | Reached XP level 23. HP: 17/165 MP: 16/25
 37185 | Depths:3 | XOM: potion effect (attraction)
 37220 | Depths:3 | XOM: blink monster(s)
 37224 | Depths:3 | XOM: enchant monster (good)
 37251 | Depths:3 | HP: 8/172 [walking earthen tome (8)]
 37251 | Depths:3 | HP: 1/172 [walking earthen tome (7)]
 37254 | Depths:3 | Mangled by a walking earthen tome

Illustrated notes

Levels and vault maps discovered:
D:1:      minmay_arrival_arboretum_small, layout_rooms
D:2:      wander_river, layout_basic, shapermc_ecumenical_altar_mp_highgroup,
          serial_shops, nicolae_shop_gaudy_bauble, basic_altar,
          grunt_ministairs_3
D:3:      layout_loops_corners, serial_bayou_lagoon_b
D:4:      kennysheep_slugbush, layout_basic, nicolae_overflow_two_pavilions,
          minmay_temple_entry_butterflies, nicolae_stop_n_shop_1
D:5:      layout_loops_ring, minmay_hedge_maze
D:6:      layout_gridville, nicolae_qazlal_scattered_showers, uniq_duvessa,
          uniq_eustachio, uniq_blork_the_orc, uniq_edmund
D:7:      layout_cave_pods, lemuel_mausoleum_altar_yredelemnul, serial_glass,
          glass_columns_c, glass_columns_a, minmay_gold_behind_fungi
D:8:      lemuel_ice_spiral_2, layout_rooms, uniq_erica
D:9:      minmay_skewed_foursquare, layout_rooms,
          amethyst_overflow_temple_binary, lair_entry_dummy, david_orc_4,
          serial_ice, serial_ice_l, serial_ice_a, serial_ice_f, serial_ice_m,
          serial_ice_c, serial_ice_o, serial_ice_e
D:10:     layout_stronghold, serial_ice, serial_ice_d, serial_ice_k,
          serial_ice_m, serial_ice_n, enter_bailey_2, st_stairs_6, minivault_19,
          chequers_hall_statues_corner_a, minmay_guarded_unrand_finisher
D:11:     minmay_the_grid_triangle_9x9_line_8_mashed
          [minmay_the_grid_triangle_9x9_warning,
          minmay_the_grid_triangle_9x9_wacky_v,
          minmay_the_grid_triangle_9x9_cache,
          minmay_the_grid_triangle_9x9_sparse_checkered,
          minmay_the_grid_triangle_9x9_longest,
          minmay_the_grid_triangle_9x9_zippers_horizontal,
          minmay_the_grid_triangle_9x9_steps,
          minmay_the_grid_triangle_9x9_prize_schism], layout_basic,
          minmay_diced_spiral
D:12:     layout_cave_pods, uniq_gastronok
D:13:     layout_basic, billiards_dpeg
D:14:     layout_roguey, david_vaults_1, nicolae_ru_path_of_blood,
          gauntlet_entry_generic, uniq_kirke
D:15:     hangedman_depths_entry_try_elsewhere_first, layout_loops_cross,
          serial_shops, shop_statue
Lair:1:   layout_loops_ring, gammafunk_ghost_cemetery
Lair:2:   layout_cave_pods, minmay_swamp_entry_worms, spider_nest_entry_rubble,
          gammafunk_ghost_split, hangedman_lair_unloving_vines,
          serial_bayou_ford_a
Lair:3:   beast_lair_carwin_large_2, layout_layer_cave,
          chequers_serial_rivers_small_b
Lair:4:   layout_regular_city, nicolae_slime_entry_field_trip, enter_volcano_1,
          chequers_serial_rivers_large_a, lemuel_fruit_fields
Lair:5:   wormcave, layout_small_grid, guppyfry_lair_end_dragon,
          serial_bayou_pond_a
Swamp:1:  layout_basic_swamp, hangedman_swamp_ruin_wall, swamp_pool_3,
          infiniplex_staircase_pool, uniq_louise
Swamp:2:  layout_falls_marsh, evilmike_swamp_ruin_house_2, swamp_pool_1_2,
          nicolae_swamp_necromancer_hut
Swamp:3:  layout_basic_swamp, nicolae_swamp_tree_designs, hangedman_swamp_grove
Swamp:4:  grunt_swamp_rune_castle, layout_basic_swamp
Spider:1: layout_cave_pods, hangedman_spider_tarantella_strand, uniq_aizul
Spider:2: layout_cave_pods, nicolae_spider_world_wide_web, uniq_asterion,
          uniq_arachne
Spider:3: layout_spider_delve, nicolae_orb_stairs
Spider:4: guppyfry_spider_rune, uniq_bai_suzhen
Orc:1:    layout_diamond_mine, gammafunk_ghost_wrathful_warriors, serial_shops,
          shop, nicolae_shop_drivethru, basic_altar
Orc:2:    pf_orc_diabolical, layout_caves, hellmonk_ghost_happy_afterlife,
          uniq_erolcha, uniq_maurice
Elf:1:    eino_elf_arrival_shootout, layout_gridlike, serial_shops,
          nicolae_shop_crystal, minmay_elf_necromancy
Elf:2:    elven_hall_of_blades_hangedman_original [nicolae_blade_lattice],
          layout_loops_cross, enter_trove_1, nicolae_fountain_basement,
          uniq_donald, uniq_jorgrun
Elf:3:    minmay_elf_hall_circle, layout_rooms, minivault_13
Depths:1: layout_cave_shapes, enter_ziggurat_c, minmay_room_of_horrors,
          nicolae_uskayaw_suspiria, serial_column_ruins, column_ruins_hut,
          column_ruins_columns_straight, column_ruins_open_tiny,
          column_ruins_grid_4, column_ruins_corridor_dead_end,
          column_ruins_open_small, column_ruins_columns_plus,
          column_ruins_columns_straight, pf_hell_entry_great_geh,
          rand_demon_pan_entry_3, nzn_life_drinkers, uniq_nikola
Depths:2: nicolae_aperiodic_l_corner, layout_cave_pools, rand_demon_pan_entry_8,
          abyss_entry, pf_hell_entry_tar_spiral, ashenzari_altar_1, uniq_sojobo
Depths:3: hellmonk_hyper_hexagons [hex_subvault_orbs, hex_subvault_channel,
          hex_subvault_four_corners, hex_subvault_rooms_two,
          hex_subvault_bowtie, hex_subvault_octagon, hex_subvault_bell],
          hell_entry, abyss_entry
Depths:4: grunt_zot_entry_bicorn, layout_basic, grunt_hell_entry_dis_grunt,
          hangedman_decor_lopped, nicolae_abyss_entry_one_way_or_another,
          kilobyte_rumbling_trees

Skill      XL: |  1  2  3  4  5  6  7  8  9 10 11 12 13 14 15 16 17 18 19 20 21 22 |
---------------+-------------------------------------------------------------------+-----
Throwing       | 1 2 3 4 5 6 7 8 9 10 11 12 13 | 13.3
Stealth        | 1 2 3 4 5 7 8 10 11 | 11.5
Fighting       | 4 5 6 7 8 9 10 11 12 13 14 15 | 15.2
Armour         | 4 5 6 7 8 9 10 11 12 13 14 | 14.9
Dodging        | 1 2 3 4 5 6 7 8 9 10 11 12 | 12.1
Shields        | 5 6 7 8 9 11 13 14 16 17 18 19 20 | 20.8
Polearms       | 3 4 5 6 8 9 10 12 13 14 15 16 17 19 22 | 22.5
Evocations     | 1 3 5 6 7 8 9 10 11 12 13 | 13.1

Action                     |  1- 3 |  4- 6 |  7- 9 | 10-12 | 13-15 | 16-18 | 19-21 | 22-24 || total
---------------------------+-------+-------+-------+-------+-------+-------+-------+-------++-------
  Melee: Trident           |    90 |   148 |   228 |   630 |   542 |    92 |   100 |       ||  1830
         Halberd           |       |       |   144 |       |       |       |       |       ||   144
         Scythe            |       |       |       |       |   307 |   969 |  1075 |   411 ||  2762
   Fire: Heavy crossbow    |       |       |       |       |       |       |     1 |       ||     1
  Throw: Stone             |     3 |       |     2 |    16 |     8 |       |       |       ||    29
         Dart              |       |     8 |    21 |     6 |     2 |     5 |    12 |     1 ||    55
         Boomerang         |       |       |     3 |       |    32 |   203 |    49 |    31 ||   318
         Javelin           |       |       |       |     8 |     2 |       |     7 |       ||    17
         Throwing net      |       |       |       |       |       |       |     1 |       ||     1
Ability: Shaft Self        |       |       |       |       |       |       |       |     3 ||     3
  Evoke: Wand              |       |       |       |       |     1 |       |     1 |     9 ||    11
         Phantom mirror    |       |       |       |       |       |       |     1 |       ||     1
    Use: Scroll            |     4 |     4 |     6 |     6 |     5 |     3 |     1 |     3 ||    32
         Potion            |     2 |     1 |     5 |     2 |     6 |     2 |    15 |    16 ||    49
   Stab: Sleeping          |       |       |       |    12 |    18 |     2 |    16 |       ||    48
         Distracted        |       |       |       |     3 |     4 |     5 |     7 |     3 ||    22
         Petrified         |       |       |       |     1 |     1 |       |       |       ||     2
         Petrifying        |       |       |       |     1 |       |       |       |       ||     1
         Invisible         |       |       |       |     1 |     4 |       |       |       ||     5
         Paralysed         |       |       |       |       |     1 |       |       |       ||     1
         Held in net/web   |       |       |       |       |       |     2 |     1 |       ||     3
         Confused          |       |       |       |       |       |     1 |     4 |     4 ||     9
 Armour: Scale mail        |    52 |    85 |   242 |       |       |       |       |       ||   379
         Chain mail        |       |       |    41 |   329 |    23 |   395 |   318 |   233 ||  1339
         Ring mail         |       |       |       |       |   281 |    20 |       |       ||   301
  Dodge: Dodged            |    50 |    62 |   222 |   245 |   247 |   339 |   162 |   149 ||  1476
  Block: Buckler           |    20 |    30 |   114 |   293 |   531 |   340 |       |       ||  1328
         Reflection        |       |       |       |    12 |    11 |    45 |    68 |     4 ||   140
         Kite shield       |       |       |       |       |       |   397 |       |       ||   397
         Tower shield      |       |       |       |       |       |   230 |  1013 |   620 ||  1863

Table legend: (Time is in decaauts)
 A = Elapsed time spent in this place.
 B = Non-inter-level travel time spent in this place.
 C = Inter-level travel time spent in this place.
 D = Time resting spent in this place.
 E = Time spent auto-exploring this place.
 F = Levels seen in this place.
 G = Mean time per level.
                   A        B        C        D        E       F      G
               +--------+--------+--------+--------+--------+-----+--------+
         Total |  36683 |  32881 |   3802 |   2744 |  11046 |  42 |  873.4 |
       Dungeon |  13825 |  12227 |   1598 |    562 |   5513 |  15 |  921.7 |
          Lair |   5710 |   5028 |    682 |    308 |   2396 |   5 | 1142.0 |
         Swamp |   2484 |   2219 |    265 |    100 |    351 |   4 |  621.0 |
   Spider Nest |   5034 |   4465 |    569 |    907 |    924 |   4 | 1258.5 |
  Orcish Mines |   2449 |   2062 |    387 |      8 |    322 |   2 | 1224.5 |
   Elven Halls |   2501 |   2285 |    216 |    220 |    548 |   3 |  833.7 |
        Depths |   2751 |   2668 |     83 |    499 |    698 |   4 |  687.8 |
         Abyss |    484 |    484 |      0 |      5 |      0 |   2 |  242.0 |
        Bailey |    636 |    636 |      0 |      0 |    293 |   1 |  636.0 |
       Volcano |    413 |    413 |      0 |    129 |      0 |   1 |  413.0 |
      Gauntlet |    390 |    390 |      0 |      3 |      0 |   1 |  390.0 |
               +--------+--------+--------+--------+--------+-----+--------+

Top non-repeatable levels by time:
Spider:2: 1920 daAuts
    D:11: 1775 daAuts
  Lair:5: 1729 daAuts
   Orc:2: 1603 daAuts
Spider:1: 1504 daAuts
  Lair:2: 1374 daAuts
   Elf:2: 1246 daAuts
    D:10: 1230 daAuts
     D:6: 1073 daAuts
  Lair:1: 1046 daAuts
   Elf:1: 986 daAuts
     D:4: 972 daAuts
     D:3: 956 daAuts
    D:12: 944 daAuts
     D:9: 937 daAuts
